 Dungeon Crawl Stone Soup version 0.30-a0-852-g08b95dd62f (webtiles) character file.

Game seed: 6383410095978028719

3250 cforsyth the Thaumaturge (level 9, -2/45 HPs)
             Began as a Deep Elf Earth Elementalist on Mar 5, 2023.
             Was a Believer of Vehumet.
             Slain by an orc warrior
             ... wielding a +0 war axe
              (5 damage)
             ... on level 7 of the Dungeon.
             The game lasted 00:13:26 (7077 turns).

cforsyth the Thaumaturge (DEEE)                     Turns: 7077, Time: 00:13:26

Health: -2/45      AC:  3    Str: 11    XL:     9   Next: 67%
Magic:  27/27      EV: 12    Int: 25    God:    Vehumet [**....]
Gold:   876        SH:  0    Dex: 15    Spells: 32/33 levels left

rFire   . . .      SeeInvis .    (no weapon)
rCold   . . .      Faith    .    (no shield)
rNeg    + . .      Spirit   .    a - +0 robe
rPois   .          Reflect  .    (no helmet)
rElec   .          Rampage  .    (no cloak)
rCorr   .                        d - +0 pair of gloves
Will    .....                    (no boots)
Stlth   ++                       c - amulet of magic regeneration
HPRegen 0.27/turn                n - ring of positive energy
MPRegen 0.60/turn                s - +6 ring of strength

@: mighty, hasted, very quick
A: no striking features
a: Renounce Religion


You were on level 7 of the Dungeon.
You worshipped Vehumet.
Vehumet was pleased with you.
You visited 1 branch of the dungeon, and saw 7 of its levels.
You also visited: Ossuary.

You collected 876 gold pieces.

Inventory:

Armour
 a - a +0 robe (worn)
 d - a +0 pair of gloves (worn)
 k - a +0 pair of gloves
Jewellery
 c - an amulet of magic regeneration (around neck)
 n - a ring of positive energy (left hand)
 s - a +6 ring of strength (right hand)
Wands
 h - a wand of flame (22)
 p - a wand of mindburst (12)
 q - a wand of polymorph (8)
 u - a wand of charming (12)
 x - a wand of roots (10)
Scrolls
 f - 5 scrolls of identify
 l - 2 scrolls of vulnerability
 m - a scroll of teleportation
 r - 3 scrolls of fog
 t - a scroll of immolation
 v - a scroll of amnesia
Potions
 b - 2 potions of magic
 e - 2 potions of brilliance
 g - a potion of mutation
 i - a potion of attraction
 o - 4 potions of curing
 w - 2 potions of cancellation


   Skills:
 - Level 2.4 Dodging
 - Level 2.4 Stealth
 + Level 12.8 Spellcasting
 - Level 1.1 Transmutations
 + Level 11.1 Earth Magic


You had 32 spell levels left.
You knew the following spells:

 Your Spells              Type           Power      Damage    Failure   Level
a - Sandblast             Erth           100%       2d20      1%          1

Your spell library contained the following spells:

 Spells                   Type           Power      Damage    Failure   Level
 Magic Dart               Conj           64%        1d6       3%          1
 Passwall                 Tmut/Erth      38%        N/A       1%          2
 Stone Arrow              Conj/Erth      86%        3d12      1%          3
 Apportation              Tloc           32%        N/A       3%          1
 Necrotise                Necr           64%        1d7       3%          1
 Summon Small Mammal      Summ           64%        N/A       3%          1
 Animate Armour           Summ/Erth      86%        N/A       3%          4
 Petrify                  Tmut/Erth      46%        N/A       3%          4
 Call Canine Familiar     Summ           16%        N/A       11%         3
 Summon Guardian Golem    Hex/Summ       16%        N/A       11%         3
 Conjure Ball Lightning   Conj/Air       8%         3x3d6     99%         6
 Discord                  Hex            8%         N/A       100%        8
 Disjunction              Tloc           8%         N/A       100%        8
 Lehudib's Crystal Spear  Conj/Erth      21%        10d6      100%        8


Dungeon Overview and Level Annotations

Branches:
Dungeon (7/15)             Temple (0/1) D:6         Ossuary (visited)

Altars:
Cheibriados
Gozag
Hepliaklqana
Makhleb
Trog
Vehumet
Wu Jian
Zin

Shops:
D:1 [   D:7 !

Annotations:
D:6 3 runed translucent doors, hero57213's ghost, novice MiFi


Message History

The orc warrior shouts!
The blast of sand misses the orc warrior.
The blast of sand hits the orc warrior!
The orc warrior is heavily wounded.
The orc warrior hits you with a +0 war axe!
The blast of sand hits the orc warrior but does no damage.
The orc warrior is heavily wounded.
The orc warrior misses you. The orc warrior closely misses you.
The blast of sand hits the orc warrior.
The orc warrior is severely wounded.
The orc warrior hits you with a +0 war axe!
The blast of sand hits the orc warrior but does no damage.
The orc warrior is severely wounded.
The orc warrior hits you with a +0 war axe! x2
* * * LOW HITPOINT WARNING * * *
You are too injured to fight recklessly!
Casting: Sandblast (safe; 1% risk of failure)
Confirm with . or Enter, or press ? or * to list all spells.
Aiming: Sandblast (safe; 1% risk of failure)
Press: ? - help, Shift-Dir - straight line, f/p - orc warrior
Aim: an orc warrior, wielding a +0 war axe and wearing a +0 plate armour (heavily wounded, 85% to hit)
The blast of sand misses the orc warrior.
The orc warrior completely misses you.
Casting: Sandblast (safe; 1% risk of failure)
Confirm with . or Enter, or press ? or * to list all spells.
Aiming: Sandblast (safe; 1% risk of failure)
Press: ? - help, Shift-Dir - straight line, f/p - orc warrior
Aim: an orc warrior, wielding a +0 war axe and wearing a +0 plate armour (heavily wounded, 85% to hit)
The blast of sand hits the orc warrior but does no damage.
The orc warrior is heavily wounded.
The orc warrior hits you with a +0 war axe.
* * * LOW HITPOINT WARNING * * *
The orc warrior completely misses you.
It was a potion of might.
You feel very mighty all of a sudden. The orc warrior closely misses you.
Okay, then.
You feel yourself speed up.
The orc warrior hits you with a +0 war axe.
You die...

.......###.# ##.#.....#.....#..#
###........#..######+####....#..#
#.### #..+...# ##...'..# ##.##
#..#....## ##..#..# ##...####..#
....## ##.#..# ........+..# ....#
###..# ##....###..# ... ##..#
##........#####o#######+####...#
###.####......@...............#
#|# ##.....#../...###.####.# #.#
#.#+#.#.####.# #......# #.#
#.#.#.#.####.# #.###### #.#
#)#..........###.# #.#
#.#.#.#.......##.# #.#
#.....#.###...##.# #.#
#...<.#.###...##.#
#..........##.......##.#


You could see an orc warrior.

Vanquished Creatures
  2 water moccasins
  2 black bears
  3 ice beasts
  2 elf zombies (Ossuary)
  2 bullfrogs (D:7)
  11 scorpions
  11 wights (D:7)
  3 jellies
  A killer bee (D:7)
  2 howler monkeys
  3 human zombies (Ossuary)
  2 hounds (D:5)
  4 orc priests
  5 iguanas
  6 orc wizards
  3 mummies
  5 adders
  3 gnolls (D:4)
  A shadow imp (D:6)
  4 white imps
  An adder zombie (Ossuary)
  6 worms
  2 dart slugs (D:4)
  19 orcs
  11 endoplasms
  2 giant cockroaches
  9 goblins
  6 hobgoblins
  8 jackals
  7 kobolds
  2 quokkas (D:2)
  8 ball pythons
  10 bats
  5 frilled lizards
  13 hobgoblin zombies
  A jackal zombie (Ossuary)
  13 kobold zombies (Ossuary)
  5 orc zombies
  5 rats
  A rat zombie (Ossuary)
209 creatures vanquished.

Notes
Turn   | Place    | Note
-------+----------+-------------------------------------------
     0 | D:1      | cforsyth the Deep Elf Earth Elementalist began the quest
                  | for the Orb.
     0 | D:1      | Reached XP level 1. HP: 10/10 MP: 6/6
   149 | D:1      | Reached XP level 2. HP: 15/15 MP: 4/8
   696 | D:1      | Reached skill level 4 in Spellcasting
   923 | D:1      | Found Otron Aha's Armour Emporium.
  1011 | D:2      | Reached XP level 3. HP: 19/19 MP: 5/10
  1240 | D:2      | Reached XP level 4. HP: 12/24 MP: 2/12
  1368 | D:2      | Identified the +0 plate armour of Impatience {Str+4}
  1676 | D:3      | Noticed a black bear
  1683 | D:3      | Killed a black bear
  1684 | D:3      | Reached skill level 5 in Spellcasting
  1684 | D:3      | Reached skill level 5 in Earth Magic
  1684 | D:3      | Reached XP level 5. HP: 15/28 MP: 9/15
  1856 | D:3      | Reached skill level 6 in Spellcasting
  2132 | D:3      | Reached XP level 6. HP: 15/32 MP: 11/17
  2215 | D:3      | Found an ornate altar of the Wu Jian Council.
  2304 | D:4      | Reached skill level 7 in Spellcasting
  2475 | D:4      | Reached XP level 7. HP: 36/36 MP: 15/20
  2676 | D:4      | Reached skill level 8 in Spellcasting
  2918 | D:5      | Entered Level 5 of the Dungeon
  3098 | D:5      | Found a bloodstained altar of Trog.
  3099 | D:5      | Found a glowing silver altar of Zin.
  3107 | D:5      | Found a burning altar of Makhleb.
  3110 | D:5      | Found a radiant altar of Vehumet.
  3110 | D:5      | Found a hazy altar of Hepliaklqana.
  3118 | D:5      | Became a worshipper of Vehumet
  3129 | D:5      | Reached skill level 9 in Spellcasting
  3212 | D:5      | Reached XP level 8. HP: 27/41 MP: 21/23
  3271 | D:5      | Found a snail-covered altar of Cheibriados.
  3503 | D:5      | Found an opulent altar of Gozag.
  3780 | D:6      | Identified a scroll of acquirement
  3780 | D:6      | Acquired 415 gold pieces
  3965 | D:6      | Reached skill level 10 in Spellcasting
  3987 | D:6      | Found a staircase to the Ecumenical Temple.
  4060 | D:6      | Found a sand-covered staircase.
  4073 | Ossuary  | Entered an ossuary
  4251 | Ossuary  | Reached * piety under Vehumet
  4251 | Ossuary  | Offered knowledge of Freeze by Vehumet.
  5239 | D:6      | Found a runed translucent gate.
  5239 | D:6      | Found a runed translucent gate.
  5239 | D:6      | Found a runed translucent gate.
  5240 | D:6      | Noticed hero57213's ghost (novice MiFi)
  5303 | D:6      | Reached skill level 11 in Spellcasting
  5685 | D:6      | Identified the +0 ring mail of the Orcish Mines {Str+3}
  5755 | D:7      | Reached XP level 9. HP: 36/45 MP: 26/26
  5757 | D:7      | Offered knowledge of Magic Dart by Vehumet.
  5790 | D:7      | Reached ** piety under Vehumet
  5803 | D:7      | Reached skill level 10 in Earth Magic
  6053 | D:7      | Found Tungicsu's Distillery.
  6174 | D:7      | Reached skill level 12 in Spellcasting
  7075 | D:7      | HP: 2/45 [orc warrior/+0 war axe (2)]
  7077 | D:7      | Slain by an orc warrior

Illustrated notes

Levels and vault maps discovered:
D:1:      amcnicky_arrival_underground_garden, layout_basic, serial_glass,
          glass_columns_a, glass_columns_a, glass_columns_a, glass_columns_b,
          glass_columns_b, glass_columns_b, serial_shops, nicolae_lakefront_shop
D:2:      minmay_wonky_spiral, layout_rooms
D:3:      layout_basic, mainiacjoe_overflow_small_starburst
D:4:      layout_rooms, kennysheep_small_square
D:5:      layout_gridville, mainiacjoe_overflow_tiny_flanked,
          grunt_temple_overflow_open, nicolae_gozag_seed_capital
D:6:      wad_crossroads, layout_basic, minmay_temple_entry_wispy,
          nicolae_ossuary_entry_giza, biasface_ghost_orc_armoury
D:7:      layout_loops_corners, serial_shops, shop, st_stairs_3,
          minmay_quadrilaterals

Skill      XL: |  1  2  3  4  5  6  7  8  9 |
---------------+----------------------------+-----
Spellcasting   | 4 5 6 7 9 11 12 | 12.8
Earth Magic    | 4 5 6 7 9 11 | 11.1
Dodging        | |  2.4
Stealth        | |  2.4
Transmutations | |  1.1

Action                     |  1- 3 |  4- 6 |  7- 9 || total
---------------------------+-------+-------+-------++-------
  Melee: Unarmed           |       |     2 |     1 ||     3
   Cast: Sandblast         |    62 |    70 |   207 ||   339
    Use: Scroll            |       |       |    17 ||    17
         Potion            |       |       |     6 ||     6
 Armour: Robe              |     6 |    10 |    11 ||    27
         Skin              |       |       |     5 ||     5
  Dodge: Dodged            |    17 |    20 |    60 ||    97

Table legend: (Time is in decaauts)
 A = Elapsed time spent in this place.
 B = Non-inter-level travel time spent in this place.
 C = Inter-level travel time spent in this place.
 D = Time resting spent in this place.
 E = Time spent auto-exploring this place.
 F = Levels seen in this place.
 G = Mean time per level.
                   A        B        C        D        E       F      G
               +--------+--------+--------+--------+--------+-----+--------+
         Total |   7244 |   7072 |    172 |   1392 |   4169 |   8 |  905.5 |
       Dungeon |   6265 |   6093 |    172 |    708 |   4130 |   7 |  895.0 |
       Ossuary |    979 |    979 |      0 |    684 |     39 |   1 |  979.0 |
               +--------+--------+--------+--------+--------+-----+--------+

Top non-repeatable levels by time:
     D:7: 1401 daAuts
     D:6: 1027 daAuts
     D:1: 1026 daAuts
 Ossuary: 979 daAuts
     D:4: 937 daAuts
     D:3: 673 daAuts
     D:2: 630 daAuts
     D:5: 566 daAuts
